 Dungeon Crawl Stone Soup version 0.31-a0-221-gbddc013574 (webtiles) character file.

Game seed: 4472622631053856447

322 qw the Shield-Bearer (level 6, -3/37 HPs)
             Began as a Gargoyle Fighter on July 4, 2023.
             Killed from afar by Dowan (9 damage)
             ... with a shard of ice
             ... on level 3 of the Dungeon.
             The game lasted 00:01:35 (2764 turns).

qw the Shield-Bearer (Gargoyle Fighter)             Turns: 2764, Time: 00:01:35

Health: -3/37      AC: 11    Str: 19    XL:     6   Next: 47%
Magic:  6/6        EV:  6    Int: 17    God:
Gold:   147        SH: 12    Dex:  7    Spells: 5/5 levels left

rFire   . . .        Y - +0 war axe
rCold   + . .        n - +0 tower shield
rNeg    + . .        b - +0 scale mail
rPois   inf          (helmet restricted)
rElec   +            (no cloak)
rCorr   .            (no gloves)
SInv    .            (no boots)
Will    .....        j - amulet of faith Stlth
                     g - ring of protection from cold
HPRegen 0.26/turn    (no ring)
MPRegen 0.10/turn

%: faith
@: flying
A: sickness immunity, AC +4, negative energy resistance 1, electricity
resistance, torment resistance 1, petrification resistance, antennae 1, big
wings, clever 2
a: no special abilities


You were on level 3 of the Dungeon.
You visited 1 branch of the dungeon, and saw 4 of its levels.

You collected 210 gold pieces.
You spent 63 gold pieces at shops.


Innate Abilities, Weirdness & Mutations

You are immune to sickness and miasma.
Your stone body is resilient. (AC +4)
You are immune to poison.
You resist negative energy. (rN+)
You are resistant to electric shocks. (rElec)
You are resistant to unholy torment.
You are immune to petrification.
You have a pair of small antennae on your head.
Your large and strong wings let you fly.
Your mind is very acute. (Int +8, Str/Dex -2)


   Skills:
 - Level 3.2 Fighting
 - Level 4.8 Axes
 - Level 3.2 Armour
 + Level 5.4 Shields


You had 5 spell levels left.
You didn't know any spells.
Your spell library was empty.

Inventory:

Hand Weapons
 i - a +0 morningstar
 Y - a +0 war axe (weapon)
Armour
 b - a +0 scale mail (worn)
 n - a +0 tower shield (worn)
Jewellery
 g - a ring of protection from cold (left hand)
 j - an amulet of faith (around neck)
Scrolls
 a - a scroll of identify
 c - a scroll of fear {unknown}
 q - a scroll of fog {unknown}
Potions
 d - 3 potions of might
 e - a potion of lignification
 f - a potion of mutation
 h - a potion of resistance {unknown}
 k - 2 potions of curing
 l - a potion of cancellation
 m - a potion of attraction {unknown}
 o - a potion of invisibility {unknown}
 p - 2 potions of heal wounds {unknown}

Dungeon Overview and Level Annotations

Branches:
Dungeon (4/15)
 Temple: D:4-7

Altars:

Shops:
D:3 [

Annotations:
D:3 Dowan


Message History

You block Dowan's attack. Dowan hits you but does no damage.
You fly upwards.
There is a stone staircase leading down here.
You slash Dowan!
Dowan is almost dead.
Dowan mumbles some strange words.
Dowan blinks!
You closely miss Dowan.
Dowan is almost dead.
Dowan barely misses you. Dowan hits you but does no damage.
Dowan hits you with a +0 dagger.
You closely miss Dowan.
Dowan is almost dead.
Dowan completely misses you. Dowan hits you but does no damage.
You hit Dowan but do no damage.
Dowan is almost dead.
Dowan says, "Magic will overcome all!"
Dowan hits you but does no damage. Dowan barely misses you.
You barely miss Dowan.
Dowan is almost dead.
Dowan closely misses you. x2
You closely miss Dowan.
Dowan is almost dead.
Dowan hits you but does no damage. You block Dowan's attack.
Dowan hits you with a +0 dagger.
You barely miss Dowan.
Dowan is almost dead.
Dowan breathes, "And she was my only..."
You block Dowan's attack. Dowan hits you but does no damage.
You hit Dowan.
Dowan is almost dead.
Dowan mumbles some strange words.
Dowan blinks!
Dowan gestures wildly while chanting.
Dowan blinks!
You start resting.
Dowan is nearby!
Dowan casts a spell at you. The shard of ice hits you! You partially resist.
You die...

###########
..........#
..........# ######
..........# ###..[.#
..........####......#
..............e..>..#
....).....####.#@...#
..........# #.##.#.#
..........# #....#.#
......)..^#
####.#%####
..........# #.#....#
..######### #.####.#
..# #....#.# ###
#.#.##.# #######
#.#....#


You could see Dowan (fast).

Vanquished Creatures
  Duvessa (D:4)
  A jelly (D:4)
  2 iguanas
  Ijyb (D:3)
  3 adders
  A worm (D:2)
  2 dart slugs
  8 ball pythons
  7 endoplasms
  6 giant cockroaches
  4 goblins
  6 hobgoblins
  4 jackals (D:3)
  7 quokkas
  9 bats
  2 frilled lizards
  8 kobolds
  4 rats
76 creatures vanquished.

Notes
Turn   | Place    | Note
-------+----------+-------------------------------------------
     0 | D:1      | qw the Gargoyle Fighter began the quest for the Orb.
     0 | D:1      | Reached XP level 1. HP: 14/14 MP: 1/1
     0 | D:1      | 0 ||| qw: Version: 0.3-a-41-g9d075ac
     0 | D:1      | 0 ||| qw: Game counter: 691
     0 | D:1      | 0 ||| qw: Melee chars always use a shield: true
     0 | D:1      | 0 ||| qw: God list: Okawaru
     0 | D:1      | 0 ||| qw: Allow faded altars: false
     0 | D:1      | 0 ||| qw: Do Orc after clearing Dungeon:15 true
     0 | D:1      | 0 ||| qw: Do second Lair branch before Depths: true
     0 | D:1      | 0 ||| qw: Lair rune preference: random
     0 | D:1      | 0 ||| qw: Goals: Normal, Zot:1-4, Slime:5, God:TSO, Crypt,
                  | Tomb, Abyss, Pan, Hells, Win
     0 | D:1      | 0 ||| PLANNING D:1-11
   158 | D:1      | 158 ||| Stepping ~*~*~tactically~*~*~ (stealth).
   159 | D:1      | 159 ||| Stepping ~*~*~tactically~*~*~ (stealth).
   208 | D:1      | 208 ||| Stepping ~*~*~tactically~*~*~ (hiding).
   209 | D:1      | 209 ||| Stepping ~*~*~tactically~*~*~ (hiding).
   210 | D:1      | 210 ||| Stepping ~*~*~tactically~*~*~ (hiding).
   430 | D:1      | Reached XP level 2. HP: 18/19 MP: 2/2
   524 | D:1      | 524 ||| Stepping ~*~*~tactically~*~*~ (hiding).
   680 | D:1      | 680 ||| Stepping ~*~*~tactically~*~*~ (stealth).
   787 | D:1      | Reached skill level 3 in Axes
   884 | D:1      | 884 ||| UPGRADING to +0 helmet.
   889 | D:1      | 889 ||| UPGRADING to amulet of faith.
   894 | D:1      | 894 ||| READING 2 scrolls labelled GIADGH LU NYO.
   895 | D:1      | 895 ||| READING scroll labelled JIODOW RETZUGG.
   896 | D:1      | 896 ||| READING scroll labelled PIXUIQIK UDGH.
   948 | D:2      | Reached XP level 3. HP: 20/23 MP: 3/3
   959 | D:2      | 959 ||| Stepping ~*~*~tactically~*~*~ (stealth).
   979 | D:2      | 979 ||| DROPPING +0 whip.
  1014 | D:2      | 1014 ||| Stepping ~*~*~tactically~*~*~ (hiding).
  1236 | D:2      | Found a faded altar of an unknown god.
  1404 | D:2      | Reached XP level 4. HP: 28/28 MP: 4/4
  1409 | D:2      | 1409 ||| Stepping ~*~*~tactically~*~*~ (hiding).
  1515 | D:2      | 1515 ||| Stepping ~*~*~tactically~*~*~ (water).
  1658 | D:2      | 1658 ||| UPGRADING to ring of protection from cold.
  1659 | D:2      | 1659 ||| READING scroll labelled ERIMO GEYW.
  1660 | D:2      | 1660 ||| READING scroll labelled UMPOUTE KAPRA.
  1661 | D:2      | 1661 ||| READING scroll labelled MAR QONIEDEVA.
  1665 | D:2      | 1665 ||| READING 2 scrolls of identify.
  1665 | D:2      | 1665 ||| IDENTIFYING sedimented white potion
  1720 | D:3      | 1720 ||| Stepping ~*~*~tactically~*~*~ (stealth).
  1880 | D:3      | Noticed Ijyb
  1888 | D:3      | Killed Ijyb
  2115 | D:3      | Reached XP level 5. HP: 32/32 MP: 5/5
  2116 | D:3      | Found Ynaibb's Armour Boutique.
  2132 | D:3      | 2132 ||| SHOPLISTING +0 plate armour (322 gold, have 175).
  2132 | D:3      | 2132 ||| SHOPLISTING +0 shadow dragon scales (1120 gold,
                  | have 175).
  2132 | D:3      | 2132 ||| BUYING +0 tower shield (63 gold).
  2132 | D:3      | Bought a +0 tower shield for 63 gold pieces
  2279 | D:3      | 2279 ||| UPGRADING to +0 tower shield.
  2289 | D:3      | 2289 ||| DROPPING +0 buckler.
  2290 | D:3      | 2290 ||| DRINKING 2 lumpy grey potions.
  2290 | D:3      | Gained mutation: Your mind is acute. (Int +4, Str/Dex -1)
                  | [potion of mutation]
  2290 | D:3      | Gained mutation: Your large and strong wings let you fly.
                  | [potion of mutation]
  2290 | D:3      | Gained mutation: Your mind is very acute. (Int +8, Str/Dex
                  | -2) [potion of mutation]
  2290 | D:3      | Gained mutation: You have a pair of small antennae on your
                  | head. [potion of mutation]
  2291 | D:3      | 2291 ||| DROPPING +0 helmet.
  2292 | D:3      | 2292 ||| DRINKING 2 sedimented red potions.
  2293 | D:3      | 2293 ||| READING 2 scrolls of identify.
  2293 | D:3      | 2293 ||| IDENTIFYING brown potion
  2456 | D:4      | Reached skill level 4 in Shields
  2709 | D:4      | Noticed Duvessa
  2709 | D:4      | Noticed Dowan
  2710 | D:4      | 2710 ||| Stepping ~*~*~tactically~*~*~ (stealth).
  2712 | D:4      | 2712 ||| Stepping ~*~*~tactically~*~*~ (hiding).
  2727 | D:4      | Killed Duvessa
  2728 | D:4      | Reached skill level 5 in Shields
  2728 | D:4      | Reached XP level 6. HP: 22/37 MP: 6/6
  2745 | D:4      | HP: 9/37 [Dowan/shard of ice (7)]
  2746 | D:4      | 2746 ||| Stepping ~*~*~tactically~*~*~ (hiding).
  2750 | D:4      | 2750 ||| STAIRDANCE
  2755 | D:3      | HP: 6/37 [Dowan/+0 dagger (6)]
  2764 | D:3      | Killed from afar by Dowan

Levels and vault maps discovered:
D:1:      nzn_arrival_depleted_hourglass, layout_basic
D:2:      minmay_general_purpose_star, layout_rooms,
          hellmonk_ecumenical_altar_heavens_door, chequers_serial_rivers_small_3
D:3:      layout_basic, serial_shops, shop, uniq_ijyb
D:4:      kennysheep_spiral_hall, layout_loops_corners,
          overflow_temple_1_default, uniq_duvessa, uniq_robin

Skill      XL: |  1  2  3  4  5 |
---------------+----------------+-----
Axes           | 2 3 4 |  4.8
Shields        | 5 |  5.4
Fighting       | |  3.2
Armour         | |  3.2

Action                     |  1- 3 |  4- 6 || total
---------------------------+-------+-------++-------
  Melee: War axe           |   108 |   129 ||   237
    Use: Scroll            |     3 |     5 ||     8
         Potion            |       |     2 ||     2
 Armour: Scale mail        |    50 |    68 ||   118
  Dodge: Dodged            |    38 |    51 ||    89
  Block: Buckler           |    24 |    13 ||    37
         Tower shield      |       |    39 ||    39

Table legend:
 A = Non-vault XP
 B = Vault XP
 C = Vault XP percentage of total XP
 D = Non-vault monster count
 E = Vault monster count
 F = Vault count percentage of total count
                 A         B        C        D         E       F
            +---------+---------+-------+---------+---------+-------
      Total |     225 |     235 |  51.1 |      65 |      11 |  14.5
            +---------+---------+-------+---------+---------+-------
        D:1 |      32 |       0 |   0.0 |      18 |       0 |   0.0
        D:2 |      55 |      21 |  27.6 |      23 |       5 |  17.9
        D:3 |      62 |      36 |  36.7 |      16 |       1 |   5.9
        D:4 |      76 |     178 |  70.1 |       8 |       5 |  38.5
            +---------+---------+-------+---------+---------+-------
